 Dungeon Crawl Stone Soup version 0.21.0-25-ge575cb9 (webtiles) character file.

25 troglodite the Charmwright (level 3, -1/31 HPs)
             Began as a Gnoll Skald on Jan 25, 2018.
             Killed from afar by a smoke demon (9 damage)
             ... with a sticky flame
             ... on level 1 of the Abyss.
             The game lasted 00:02:37 (695 turns).

troglodite the Charmwright (Gnoll Skald)             Turns: 695, Time: 00:02:39

Health: -1/31      AC:  5    Str: 14    XL:     3   Next: 6%
Magic:  3/9        EV: 13    Int: 15    God:
Gold:   44         SH:  0    Dex: 14    Spells: 4/11 levels left

rFire    . . .     SeeInvis .   a - +0 falchion
rCold    . . .     Gourm    .   (no shield)
rNeg     . . .     Faith    .   e - +0 ring mail
rPois    .         Spirit   .   (no helmet)
rElec    .         Reflect  .   (no cloak)
rCorr    .         Harm     .   (no gloves)
MR       .....                  (no boots)
Stlth    +.........             (no amulet)
HPRegen  0.10/turn              (no ring)
MPRegen  0.11/turn              (no ring)

@: liquid flames, very slightly contaminated, glowing
A: distributed training, fangs 1, strong nose
a: no special abilities


You were on level 1 of the Abyss.
You were not hungry.

You visited 1 branch of the dungeon, and saw 2 of its levels.
You visited the Abyss 1 time.

You collected 44 gold pieces.

Inventory:

Hand Weapons
 a - a +0 falchion (weapon)
Armour
 e - a +0 ring mail (worn)
Scrolls
 b - a scroll of enchant weapon {unknown}
 f - 2 scrolls of enchant armour {unknown}
 j - a scroll of amnesia {unknown}
 k - 2 scrolls of identify {unknown}
 l - a scroll of remove curse {unknown}
Potions
 h - a potion of brilliance {unknown}
 i - a potion of heal wounds {unknown}
Books
 c - a book of Battle

   Spells                             Type                      Level
   a - Infusion                       Charms                       1
   b - Shroud of Golubria             Charms/Translocation         2
   c - Song of Slaying                Charms                       2
   d - Spectral Weapon                Hexes/Charms                 3
   e - Regeneration                   Charms/Necromancy            3
Comestibles
 d - 2 rations


   Skills:
 + Level 4.5 Fighting
 + Level 0.5 Short Blades
 + Level 4.5 Long Blades
 + Level 0.5 Axes
 + Level 0.5 Maces & Flails
 + Level 0.5 Polearms
 + Level 0.5 Staves
 + Level 0.5 Slings
 + Level 0.5 Bows
 + Level 0.5 Crossbows
 + Level 0.5 Throwing
 + Level 2.5 Armour
 + Level 4.5 Dodging
 + Level 0.5 Stealth
 + Level 0.5 Shields
 + Level 0.5 Unarmed Combat
 + Level 4.9 Spellcasting
 + Level 0.4 Conjurations
 + Level 0.4 Hexes
 + Level 5.4 Charms
 + Level 0.4 Summonings
 + Level 0.4 Necromancy
 + Level 0.4 Translocations
 + Level 0.4 Transmutations
 + Level 0.4 Fire Magic
 + Level 0.4 Ice Magic
 + Level 0.4 Air Magic
 + Level 0.4 Earth Magic
 + Level 0.4 Poison Magic
 + Level 0.7 Invocations
 + Level 0.5 Evocations


You had 4 spell levels left.
You knew the following spells:

 Your Spells              Type           Power        Failure   Level  Hunger
a - Infusion              Chrm           ###.         3%          1    None
b - Spectral Weapon       Hex/Chrm       ##......     28%         3    ###....
c - Regeneration          Chrm/Necr      ##........   28%         3    ###....


Dungeon Overview and Level Annotations

Branches:
Dungeon (2/15)

Altars:

Annotations:
D:2 Terence


Innate Abilities, Weirdness & Mutations

Your experience applies equally to all skills.
You have very sharp teeth.
Your uncanny sense of smell can sniff out nearby items.


Message History

Confirm with . or Enter, or press ? or * to list all spells.
You miscast Spectral Weapon.
You are very lightly contaminated with residual magic.
Nothing appears to happen.
The smoke demon gestures at you. The sticky flame misses you.
The smoke demon gestures at you. Something smites you!
Found a ration.
The smoke demon gestures at you. Something smites you!
* * * LOW HITPOINT WARNING * * *
You see here a ration.
Casting: Spectral Weapon
Confirm with . or Enter, or press ? or * to list all spells.
You draw out your weapon's spirit!
The smoke demon gestures at you. The sticky flame hits you!
You are covered in liquid flames!
You die...

. . #. .# #.
.. . # #.# #.
..#. .# .# #
..# .#. # .#
#.###.. ..####
# . ##.#
..#§..#. ..#
..... ......
#.#..#.#..#.##
##### #
#.......#.#.#
# #..#@#3#.# #
... .#.#3.#.#
. . ###..(#[#
#. ) #.#.#..#
# #.##.#
#.#.#.##. .. .
# ##...#. ∆ ##
#.#.# # .
#...#.# #..
#######.##.#
#..


You could see a smoke demon and a friendly spectral falchion.

Vanquished Creatures
  2 dart slugs (D:1)
  A giant cockroach (D:1)
  A goblin (D:1)
  2 hobgoblins (D:1)
  6 jackals (D:1)
  4 bats (D:1)
  2 kobolds (D:1)
  2 rats (D:1)
20 creatures vanquished.

Notes
Turn   | Place    | Note
-------+----------+-------------------------------------------
     0 | D:1      | troglodite the Gnoll Skald began the quest for the Orb.
     0 | D:1      | Reached XP level 1. HP: 20/20 MP: 6/6
    92 | D:1      | Reached XP level 2. HP: 25/26 MP: 7/7
   391 | D:1      | Reached XP level 3. HP: 29/31 MP: 9/9
   396 | D:1      | Learned a level 3 spell: Spectral Weapon
   400 | D:1      | Learned a level 3 spell: Regeneration
   620 | D:2      | Noticed Terence
   621 | D:2      | Cast into level 1 of the Abyss (Terence)
   631 | Abyss:1  | Found a roughly hewn altar of Beogh.
   689 | Abyss:1  | Noticed a smoke demon
   695 | Abyss:1  | Killed from afar by a smoke demon

Action                   || total
-------------------------++-------
Melee: Falchion          ||    49
       Bite              ||     4
 Cast: Spectral Weapon   ||     1
Armor: Ring mail         ||    27
Dodge: Dodged            ||    45
       Rpst.: Falchion   ||    10
